[Event "Titled Tuesday Blitz February 21 Early 2023"]
[White "Coelho, Ramyres Santana"]
[Black "Dimitrov, Atanas"]
[WhiteFideId "2120690"]
[BlackFideId "2901315"]
[WhiteElo "1981"]
[BlackElo "2269"]
[Result "0-1"]
[Round "01"]
[TimeControl "180+2"]
[Date "2023.02.21"]
[WhiteClock "0:00:14"]
[BlackClock "0:00:21"]

1. e4 c5 2. Nf3 d6 3. d4 cxd4 4. Nxd4 Nf6 5. Nc3 g6 6. f4 Bg7 7. e5 dxe5 8. fxe5 Nh5 9. Bb5+ Bd7 10. e6 Bxb5 11. exf7+ Kxf7 12. Ncxb5 Nc6 13. O-O+ Nf6 14. Nxc6 bxc6 15. Nd4 c5 16. Nf3 Qxd1 17. Ng5+ Kg8 18. Rxd1 Bh6 19. Re1 Bxg5 20. Bxg5 Kf7 21. Bxf6 exf6 22. Rad1 Rad8 23. Kf2 Rhe8 24. Rxd8 Rxd8 25. Re2 f5 26. Ke3 Kf6 27. Rd2 Re8+ 28. Kf2 Re7 29. Rd5 Rc7 30. c4 Kg5 31. b3 Kf4 32. g3+ Ke4 33. h3 a5 34. Rd8 a4 35. Rb8 axb3 36. axb3 Ra7 37. Re8+ Kd4 38. Rd8+ Kc3 39. Rd5 Ra5 40. Rd7 Kxb3 41. Rxh7 Kxc4 42. Rg7 Ra6 43. Kf3 Kd4 44. Kf4 c4 45. Rd7+ Kc5 46. Kg5 c3 47. Rd1 Kc4 48. h4 c2 49. Rf1 Kd3 50. h5 gxh5 51. Kxf5 Ra5+ 52. Kg6 Ke2 53. Rc1 Kd2 54. Rh1 c1=Q 55. Rxc1 Kxc1 56. Kh6 Kd2 57. g4 hxg4 0-1


[Site "https://www.chess.com"]

[Event "Titled Tuesday Blitz February 21 Early 2023"]
[White "Mindlin, Alon"]
[Black "Kaganskiy, Gleb"]
[WhiteFideId "2800071"]
[BlackFideId "4132025"]
[WhiteElo "2435"]
[BlackElo "2205"]
[Result "1-0"]
[Round "01"]
[TimeControl "180+2"]
[Date "2023.02.21"]
[WhiteClock "0:01:10"]
[BlackClock "0:00:07"]

1. e4 e6 2. c4 d5 3. cxd5 exd5 4. exd5 Nf6 5. Nc3 Nxd5 6. Nf3 Be7 7. d4 O-O 8. Bd3 Nc6 9. O-O Bg4 10. h3 Bh5 11. Be4 Nxc3 12. bxc3 Bg6 13. Bxg6 hxg6 14. Rb1 b6 15. Re1 Bf6 16. Qa4 Na5 17. Bf4 c6 18. Be5 Qd5 19. Nd2 Bxe5 20. Rxe5 Qd6 21. Ne4 Qd7 22. Re1 f6 23. Nc5 bxc5 24. Re7 Qd8 25. Qc2 Rf7 26. R7e2 f5 27. Qa4 cxd4 28. cxd4 Nb7 29. Qxc6 Kh7 30. Re8 Rc8 31. Qxc8 Qxc8 32. Rxc8 Nd6 33. Rd8 Ne4 34. f3 Nc3 35. Ree8 g5 36. Rh8+ Kg6 37. Rd6+ Rf6 38. Rxf6+ Kxf6 39. Ra8 Nxa2 40. Rxa7 Nc3 41. Kf1 Nd5 42. Ra6+ Kf7 43. Ra5 Ne3+ 44. Kf2 f4 45. Rxg5 Kf6 46. Re5 g5 47. Rxe3 fxe3+ 48. Kxe3 Ke6 49. g3 Kd6 50. f4 gxf4+ 51. Kxf4 Ke6 52. h4 1-0


[Site "https://www.chess.com"]

[Event "Titled Tuesday Blitz February 21 Early 2023"]
[White "Mogirzan, Matei-Valeriu"]
[Black "Shuvalova, Polina"]
[WhiteFideId "1257455"]
[BlackFideId "24171760"]
[WhiteElo "1813"]
[BlackElo "2484"]
[Result "0-1"]
[Round "01"]
[TimeControl "180+2"]
[Date "2023.02.21"]
[WhiteClock "0:00:05"]
[BlackClock "0:00:01"]

1. e4 c6 2. d4 d5 3. Nc3 dxe4 4. Nxe4 Nf6 5. Nxf6+ exf6 6. Nf3 Bd6 7. Bd3 O-O 8. h4 Re8+ 9. Be3 Bg4 10. Bxh7+ Kxh7 11. Ng5+ fxg5 12. hxg5+ Kg8 13. Qxg4 Nd7 14. Qh5 Kf8 15. g6 fxg6 16. Qxg6 Nf6 17. Rh8+ Ng8 18. O-O-O Qf6 19. Qh5 Qf7 20. Qh3 Re6 21. Rh1 Rae8 22. Qh4 Be7 23. Qh7 Bf6 24. g4 Rd6 25. g5 Bxd4 26. g6 Qxa2 27. c3 Bxe3+ 28. fxe3 Qa1+ 29. Kc2 Qa4+ 30. Kc1 Qa1+ 31. Kc2 Qa4+ 32. Kb1 Qe4+ 33. Ka1 Qe6 34. Rf1+ Ke7 35. Rf7+ Kd8 36. Qh4+ Kc8 37. Qh1 Qxg6 38. Rf4 Red8 39. Rd4 Rxd4 40. cxd4 Nf6 41. Rh4 Qd3 42. Qh3+ Kc7 43. Qg3+ Kb6 44. Qxg7 Qd1+ 45. Ka2 Qa4+ 46. Kb1 Nd5 47. Qg5 Qd1+ 48. Ka2 Qa4+ 49. Kb1 Rd7 50. e4 Qd1+ 51. Ka2 Nb4+ 52. Ka3 Nc2+ 53. Ka2 Nxd4 54. Rh5 Qa4+ 55. Kb1 Qd1+ 56. Ka2 Qa4+ 57. Kb1 Qb4 58. Qe3 c5 59. Rh6+ Kc7 60. Qg3+ Kc8 61. Rh8+ Rd8 62. Qg4+ Kc7 63. Qg3+ Kc6 64. Rxd8 Qb3 65. Qg6+ Kb5 66. Qe8+ Ka5 67. Rxd4 cxd4 68. Qd8+ Qb6 69. Qd5+ Kb4 70. e5 Qg6+ 71. Ka2 Qa6+ 72. Kb1 Qd3+ 73. Ka1 Qd1+ 74. Ka2 Qa4+ 75. Kb1 Qd1+ 76. Ka2 d3 77. Qd4+ Kb5 78. Qd5+ Ka6 79. Qc4+ b5 80. Qc6+ Ka5 81. Qc7+ Ka6 82. Qc6+ Ka5 83. Qc7+ Ka4 84. Qc3 b4 85. Qc6+ Ka5 86. Qc5+ Ka6 87. Qc4+ Kb6 88. Qxb4+ Kc6 89. Qc4+ Kb6 90. Qd4+ Kc6 91. e6 d2 92. e7 Qe1 93. Qa4+ Kd6 94. e8=Q Qxe8 95. Qxe8 Kc7 96. Qd8+ Kxd8 0-1


[Site "https://www.chess.com"]

[Event "Titled Tuesday Blitz February 21 Early 2023"]
[White "Vaibhav Jayant Raut"]
[Black "Kouskoutis, Georgios-Alexandros"]
[WhiteFideId "5089034"]
[BlackFideId "4234049"]
[WhiteElo "2237"]
[BlackElo "2295"]
[Result "1/2-1/2"]
[Round "01"]
[TimeControl "180+2"]
[Date "2023.02.21"]
[WhiteClock "0:00:04"]
[BlackClock "0:00:07"]

1. c4 Nf6 2. g3 e6 3. Bg2 d5 4. Nf3 Be7 5. O-O O-O 6. b3 d4 7. Bb2 c5 8. b4 Nc6 9. bxc5 Bxc5 10. d3 e5 11. Nbd2 Bg4 12. h3 Bh5 13. Rb1 Qe7 14. Nh4 Rac8 15. Bc1 b6 16. g4 Bg6 17. Nxg6 hxg6 18. Nb3 Bd6 19. Bg5 Qe6 20. Nd2 Nd7 21. Qa4 Nc5 22. Qb5 Be7 23. Bxe7 Nxe7 24. a4 f5 25. gxf5 gxf5 26. a5 Rb8 27. axb6 axb6 28. Nb3 Qd6 29. Rb2 Ng6 30. Qc6 Qxc6 31. Bxc6 Nf4 32. Bf3 Nxh3+ 33. Kh2 Nf4 34. Nxc5 bxc5 35. Rfb1 Rxb2 36. Rxb2 Re8 37. Rb5 e4 38. dxe4 fxe4 39. Bg4 Re5 40. Kg3 g5 41. Rb8+ Kf7 42. Rb7+ Ke8 43. Rb8+ Ke7 44. Rb7+ Kd8 45. e3 dxe3 46. fxe3 Nd3 47. Rd7+ Ke8 48. Rc7 Nb2 49. Rc8+ Ke7 50. Be2 Nd3 51. Rc7+ Kd6 52. Rg7 Kc6 53. Rg6+ Kb7 54. Kg4 Nf2+ 55. Kh5 g4+ 56. Kh4 Kc7 57. Bxg4 Nxg4 58. Kxg4 Kd7 59. Kf4 Re8 60. Rg5 Kd6 61. Rd5+ Kc6 62. Re5 Rf8+ 63. Kxe4 Kb6 64. Re6+ Ka5 65. Kd5 Rc8 66. Rd6 Kb4 67. e4 Re8 68. e5 Re7 69. e6 Rb7 70. Rd7 Rb8 71. e7 Re8 72. Ke6 Kxc4 73. Kf7 Rxe7+ 74. Kxe7 Kb3 75. Ke6 c4 76. Ke5 c3 77. Rb7+ Ka2 78. Rc7 Kb2 79. Kd4 c2 80. Rb7+ Ka2 81. Rc7 Kb2 82. Rb7+ Ka2 83. Ra7+ Kb2 84. Rc7 c1=Q 85. Rxc1 Kxc1 1/2-1/2


[Site "https://www.chess.com"]

[Event "Titled Tuesday Blitz February 21 Early 2023"]
[White "Can, Melih Kaan"]
[Black "Ashraf, Artin"]
[WhiteFideId "6317383"]
[BlackFideId "22514805"]
[WhiteElo "2069"]
[BlackElo "2314"]
[Result "1-0"]
[Round "01"]
[TimeControl "180+2"]
[Date "2023.02.21"]
[WhiteClock "0:01:59"]
[BlackClock "0:01:57"]

1. d4 d6 2. c4 Nd7 3. Nf3 e5 4. Nc3 Ngf6 5. g3 g6 6. Bg2 Bg7 7. O-O O-O 8. e4 Re8 9. d5 Nc5 10. Qc2 a5 11. h3 h6 12. Be3 Nfd7 13. Nd2 Rf8 14. a3 a4 15. Kh2 1-0


[Site "https://www.chess.com"]

[Event "Titled Tuesday Blitz February 21 Early 2023"]
[White "Belozerov, Andrei"]
[Black "Topalov, Aleksandar"]
[WhiteFideId "4120213"]
[BlackFideId "925659"]
[WhiteElo "2461"]
[BlackElo "2233"]
[Result "1/2-1/2"]
[Round "01"]
[TimeControl "180+2"]
[Date "2023.02.21"]
[WhiteClock "0:00:21"]
[BlackClock "0:00:44"]

1. e4 e6 2. d4 d5 3. Nd2 Nf6 4. e5 Ng8 5. Bd3 Ne7 6. c3 Qd7 7. f4 h5 8. Ndf3 g6 9. Ne2 b6 10. O-O Ba6 11. Bxa6 Nxa6 12. Be3 Nf5 13. Bf2 Be7 14. a4 c5 15. Qb3 c4 16. Qc2 Nb8 17. b3 cxb3 18. Qxb3 Nc6 19. Nd2 Na5 20. Qa2 Rc8 21. Rac1 Nc4 22. Rfd1 O-O 23. g3 Nxd2 24. Rxd2 Rc4 25. Ra1 Rfc8 26. Qb3 Qc6 27. h3 a6 28. Rb2 Rb8 29. Qa2 b5 30. axb5 Rxb5 31. Rxb5 axb5 32. Qa8+ Qxa8 33. Rxa8+ Kg7 34. Rb8 b4 35. cxb4 Rxb4 36. Rxb4 Bxb4 37. Kg2 Bd2 38. g4 hxg4 39. hxg4 Ne3+ 40. Bxe3 Bxe3 41. Kf3 Bd2 42. Kg3 Be3 43. Kf3 Bd2 44. Kf2 f6 45. exf6+ Kxf6 46. Kf3 Kf7 47. Ng3 Bc3 48. Ke3 Bb2 49. Ne2 Ke7 50. Ng1 Bc1+ 51. Kf3 Bb2 52. Ne2 Kf6 53. Ke3 Ke7 54. Kd3 Kf6 55. Ke3 Ke7 1/2-1/2


[Site "https://www.chess.com"]

[Event "Titled Tuesday Blitz February 21 Early 2023"]
[White "Buganca, Luiz Henrique Da Silva"]
[Black "Malek, Jan"]
[WhiteFideId "2182289"]
[BlackFideId "21864080"]
[WhiteElo "1920"]
[BlackElo "2370"]
[Result "0-1"]
[Round "01"]
[TimeControl "180+2"]
[Date "2023.02.21"]
[WhiteClock "0:00:09"]
[BlackClock "0:00:39"]

1. d4 e6 2. c4 d5 3. Nc3 Bb4 4. cxd5 exd5 5. Nf3 Nf6 6. Qc2 h6 7. e3 O-O 8. Bd3 Nbd7 9. O-O Re8 10. Bd2 c6 11. Rfe1 Bxc3 12. Bxc3 Ne4 13. Nd2 Ndf6 14. f3 Nxc3 15. bxc3 Be6 16. e4 dxe4 17. fxe4 Qc7 18. e5 Nd5 19. Ne4 Rad8 20. Rf1 Ne3 21. Qf2 Nxf1 22. Rxf1 Bd5 23. Nd6 Rxd6 24. exd6 Qxd6 25. Qf5 g6 26. Qf2 Qe6 27. Rb1 b5 28. h4 Qe3 29. Rd1 Bxa2 30. Qxe3 Rxe3 31. Kf2 Re7 32. Ra1 Bd5 33. Rc1 Rb7 34. Ra1 Kg7 35. g3 Kf6 36. Ke3 Re7+ 37. Kf2 Ke6 38. Ra6 Rb7 39. Ke3 Kd6 40. Kf4 Be6 41. h5 g5+ 42. Kf3 f5 43. Ra1 Bd5+ 44. Kf2 Be4 45. Bxe4 fxe4 46. Ke3 Kd5 47. Rf1 Kc4 48. Rf6 Rc7 49. Rxh6 Kxc3 50. Rh8 b4 51. h6 b3 52. Rb8 Rh7 53. Kxe4 Rxh6 54. Rb7 a5 55. Rb6 a4 56. Kf5 a3 57. Kxg5 Rd6 58. Kf5 a2 59. Ra6 b2 0-1


[Site "https://www.chess.com"]

[Event "Titled Tuesday Blitz February 21 Early 2023"]
[White "Katz, Alexander"]
[Black "Szyszylo, Rafal"]
[WhiteFideId "2039796"]
[BlackFideId "1109626"]
[WhiteElo "2470"]
[BlackElo "2091"]
[Result "0-1"]
[Round "01"]
[TimeControl "180+2"]
[Date "2023.02.21"]
[WhiteClock "0:00:26"]
[BlackClock "0:01:17"]

1. e4 d6 2. d4 g6 3. Nc3 Nf6 4. Bf4 c6 5. Qd2 b5 6. f3 Nbd7 7. O-O-O Nb6 8. g4 Rb8 9. h4 Nc4 10. Bxc4 bxc4 11. e5 Nd5 12. Nxd5 cxd5 13. exd6 exd6 14. Re1+ Be6 15. c3 Be7 16. h5 g5 17. Bg3 h6 0-1


[Site "https://www.chess.com"]

[Event "Titled Tuesday Blitz February 21 Early 2023"]
[White "Shtompel, Yuriy"]
[Black "Sadubayev, Airat"]
[WhiteFideId "14168278"]
[BlackFideId "13713264"]
[WhiteElo "1938"]
[BlackElo "2320"]
[Result "1/2-1/2"]
[Round "01"]
[TimeControl "180+2"]
[Date "2023.02.21"]
[WhiteClock "0:00:13"]
[BlackClock "0:00:14"]

1. e4 c5 2. Nf3 Nc6 3. Bb5 g6 4. O-O Bg7 5. Re1 Nf6 6. c3 O-O 7. h3 d5 8. e5 Nd7 9. d4 cxd4 10. cxd4 Nb6 11. Nc3 Bf5 12. a3 Rc8 13. Bf4 Na5 14. Nd2 Nac4 15. Nxc4 dxc4 16. d5 Bd3 17. d6 a6 18. Ba4 exd6 19. exd6 Nxa4 20. Qxa4 Bxc3 21. bxc3 Rc6 22. Qd1 Qf6 23. Qg4 h5 24. Qg3 Qxc3 25. Rac1 Qa5 26. d7 Qd5 27. Re7 Kh7 28. Bd2 Rd8 29. Qe3 g5 30. Qxg5 Qxg5 31. Bxg5 Kg6 32. Bh4 Rd6 33. Re5 R8xd7 34. Rg5+ Kh7 35. Re5 Rd5 36. Re8 b5 37. Bf6 Kg6 38. Bc3 f6 39. Rg8+ Kf7 40. Rh8 R7d6 41. Rh7+ Kg6 42. Ra7 Re6 43. g3 h4 44. gxh4 Re4 45. Kh2 Rxh4 46. Rxa6 Rf5 47. Kg3 Rhf4 48. Rg1 Kh5 49. Rg2 Rf3+ 50. Kh2 Rxf2 51. Rxf2 Rxf2+ 52. Kg3 Rf5 53. Rxf6 Rxf6 54. Bxf6 Kg6 55. Bc3 Kf5 56. h4 Be2 57. Kf2 Bh5 58. Ke3 Ke6 59. Kd4 Kd6 60. Bb4+ Kc6 61. Bc3 Bd1 62. Bb4 Kb6 63. Bc3 Kc6 64. Bb4 Bc2 65. Bc3 Bd1 1/2-1/2


[Site "https://www.chess.com"]

[Event "Titled Tuesday Blitz February 21 Early 2023"]
[White "Kononenko, Dmitry"]
[Black "Zia, Tahsin Tajwar"]
[WhiteFideId "14113538"]
[BlackFideId "10211888"]
[WhiteElo "2256"]
[BlackElo "2315"]
[Result "1-0"]
[Round "01"]
[TimeControl "180+2"]
[Date "2023.02.21"]
[WhiteClock "0:00:57"]
[BlackClock "0:00:02"]

1. e4 c6 2. d4 d5 3. e5 Bf5 4. Nc3 e6 5. g4 Bg6 6. Nge2 c5 7. h4 h5 8. Nf4 Bh7 9. Nxh5 cxd4 10. Qxd4 Nc6 11. Bb5 Qb6 12. Qxb6 axb6 13. Be3 Bc5 14. O-O-O Ne7 15. Nxg7+ Kf8 16. Nh5 Bxe3+ 17. fxe3 Nxe5 18. Nf6 Ng8 19. Nxh7+ Rxh7 20. g5 Ne7 21. h5 Nf5 22. e4 Ng3 23. Rhg1 Nxe4 24. Nxe4 dxe4 25. h6 f5 26. gxf6 Rxh6 27. Rg7 Rxf6 28. Rxb7 Rc8 29. Rh1 Ng6 30. Bd7 Rd8 31. Bb5 e3 32. Bd3 Ne7 33. Rh8+ Ng8 34. Rhh7 e5 35. b4 e4 36. Bc4 Ne7 37. Rh8+ Kg7 38. Rxd8 1-0


[Site "https://www.chess.com"]

[Event "Titled Tuesday Blitz February 21 Early 2023"]
[White "Jimenez, Joaquin"]
[Black "Rosen, Eric"]
[WhiteFideId "109860"]
[BlackFideId "2032562"]
[WhiteElo "2195"]
[BlackElo "2349"]
[Result "0-1"]
[Round "01"]
[TimeControl "180+2"]
[Date "2023.02.21"]
[WhiteClock "0:00:07"]
[BlackClock "0:00:08"]

1. Nf3 d5 2. g3 Nf6 3. Bg2 e6 4. O-O b6 5. b3 Bb7 6. Bb2 Nbd7 7. d4 Bd6 8. c4 O-O 9. Ne5 Qe7 10. Nd2 c5 11. cxd5 exd5 12. Ndf3 Rfe8 13. e3 Rac8 14. Rc1 Ne4 15. Nxd7 Qxd7 16. Nd2 Nxd2 17. Qxd2 c4 18. e4 c3 19. Rxc3 Bb4 20. e5 Bxc3 21. Bxc3 Rc7 22. Bb4 Rec8 23. Qf4 Rc2 24. a3 a5 25. Bd6 Qe6 26. h4 Ba6 27. Re1 Bd3 28. Kh2 Re8 29. Re3 Bf5 30. b4 a4 31. b5 h6 32. Qf3 Be4 33. Rxe4 dxe4 34. Qxe4 Rxf2 35. d5 Qg6 36. Qe3 Qc2 37. Kh3 Rxg2 38. e6 Rh2+ 39. Kg4 Qg6+ 0-1


[Site "https://www.chess.com"]

[Event "Titled Tuesday Blitz February 21 Early 2023"]
[White "Souleidis, Georgios"]
[Black "Martin Barcelo, Carles"]
[WhiteFideId "4206827"]
[BlackFideId "24561444"]
[WhiteElo "2419"]
[BlackElo "2221"]
[Result "1-0"]
[Round "01"]
[TimeControl "180+2"]
[Date "2023.02.21"]
[WhiteClock "0:00:09"]
[BlackClock "0:00:02"]

1. e4 e6 2. Qe2 c5 3. g3 Nc6 4. Nf3 g6 5. Bg2 Bg7 6. O-O Nge7 7. c3 O-O 8. Rd1 d5 9. d3 e5 10. Bg5 Be6 11. Na3 Qd7 12. Be3 d4 13. cxd4 cxd4 14. Bd2 Rac8 15. Ng5 Bg4 16. f3 Be6 17. h4 b6 18. Kh2 f5 19. Bh3 Kh8 20. Nxe6 Qxe6 21. b4 h6 22. b5 Nb8 23. Nc4 Nd7 24. Bb4 Qf6 25. exf5 gxf5 26. Re1 Rce8 27. Nd6 Rd8 28. Rac1 Nd5 29. Bd2 Qxd6 30. Rc6 Qe7 31. Bxh6 N5f6 32. Bxg7+ Kxg7 33. Bxf5 Rg8 34. g4 Rh8 35. h5 Nxh5 36. gxh5 Rxh5+ 37. Bh3 Rdh8 38. Qg2+ Kf7 39. Qg6+ Kf8 40. Rc8+ Qd8 41. Rxd8+ Ke7 42. Rxd7+ Kf8 43. Qf7# 1-0


[Site "https://www.chess.com"]

[Event "Titled Tuesday Blitz February 21 Early 2023"]
[White "Melikhov, Evgeny V."]
[Black "Megalios, Konstantinos"]
[WhiteFideId "4122046"]
[BlackFideId "4238044"]
[WhiteElo "2269"]
[BlackElo "2372"]
[Result "0-1"]
[Round "01"]
[TimeControl "180+2"]
[Date "2023.02.21"]
[WhiteClock "0:00:01"]
[BlackClock "0:00:05"]

1. d4 Nf6 2. c4 c5 3. d5 b5 4. cxb5 a6 5. b6 d6 6. Nc3 g6 7. a4 Qxb6 8. a5 Qa7 9. e4 Bg7 10. Nf3 Bg4 11. Qa4+ Bd7 12. Qc2 O-O 13. Be2 Bg4 14. O-O Nbd7 15. Re1 Bxf3 16. Bxf3 Ne8 17. Bg5 Ne5 18. Be2 h6 19. Be3 Rb8 20. f4 Nd7 21. e5 dxe5 22. f5 g5 23. Ne4 Nd6 24. Bxc5 Nxc5 25. Qxc5 Qxc5+ 26. Nxc5 Rxb2 27. Bxa6 e4 28. Nxe4 Nxf5 29. Reb1 Ra8 30. Bd3 Rd2 31. Ra3 Bd4+ 32. Kh1 Ne3 33. a6 Nxg2 34. Ng3 Nh4 35. Be4 Be5 36. d6 Re8 37. a7 Bxd6 38. a8=Q Rxa8 39. Rxa8+ Kg7 40. Nf5+ Nxf5 41. Bxf5 Rxh2+ 42. Kg1 Re2 43. Bh3 h5 44. Bg2 g4 45. Ra5 Kh6 46. Rab5 h4 47. R5b2 Re5 48. Rb5 Re3 49. R5b3 Re5 50. Rb5 Re3 51. Kf2 Re5 52. Rxe5 Bxe5 53. Rb7 Bf6 54. Be4 Kg5 55. Rb5+ Kf4 56. Bg2 Bd4+ 57. Kf1 h3 58. Bb7 e6 59. Rb4 e5 0-1


[Site "https://www.chess.com"]

[Event "Titled Tuesday Blitz February 21 Early 2023"]
[White "TheKnightOfBosnia"]
[Black "Delgado Rosas, Fatima Alexandra"]
[BlackFideId "6603963"]
[WhiteElo "2616"]
[BlackElo "1500"]
[Result "1-0"]
[Round "01"]
[TimeControl "180+2"]
[Date "2023.02.21"]
[WhiteClock "0:01:27"]
[BlackClock "0:00:56"]

1. e4 Nc6 2. g3 d5 3. exd5 Qxd5 4. Nf3 Bg4 5. Bg2 Nd4 6. Nxd4 Qxg2 7. Qxg4 Qxh1+ 8. Ke2 Nf6 9. Qf5 e6 10. Qb5+ Nd7 11. Nc3 a6 12. Qc4 O-O-O 13. b3 Ne5 14. Qa4 Rxd4 15. Qxd4 Qf3+ 16. Kf1 Qh1+ 17. Ke2 Qf3+ 18. Kf1 Ng4 19. h3 Nh2+ 20. Kg1 Qc6 21. Kxh2 Bc5 22. Qe4 Qd6 23. Kg2 g5 24. Bb2 h5 25. Nb5 axb5 26. Bxh8 h4 27. d4 Ba3 28. Be5 Qe7 29. Re1 1-0


[Site "https://www.chess.com"]

[Event "Titled Tuesday Blitz February 21 Early 2023"]
[White "Krzywda, Andrzej"]
[Black "Kalashian, David"]
[WhiteFideId "1114565"]
[BlackFideId "13302418"]
[WhiteElo "2223"]
[BlackElo "2398"]
[Result "0-1"]
[Round "01"]
[TimeControl "180+2"]
[Date "2023.02.21"]
[WhiteClock "0:00:04"]
[BlackClock "0:00:04"]

1. d4 Nf6 2. Bf4 e6 3. e3 b6 4. Nf3 Bb7 5. Be2 Be7 6. a4 O-O 7. a5 c5 8. a6 Bxf3 9. Bxf3 Nc6 10. c3 d5 11. Qa4 Qd7 12. O-O Rfd8 13. Rd1 Rac8 14. Na3 Nxd4 15. Qxd7 Nxf3+ 16. gxf3 Rxd7 17. Nb5 Ne8 18. c4 f6 19. e4 e5 20. Bc1 d4 21. Nc3 Nc7 22. Nd5 Nxd5 23. exd5 Kf7 24. Bd2 Bd6 25. Rab1 f5 26. Rdc1 g6 27. b4 cxb4 28. Bxb4 Bxb4 29. Rxb4 Rdc7 30. Kf1 Ke7 31. Ke2 Kd6 32. Kd3 Rc5 33. f4 e4+ 34. Kxd4 Rxd5+ 35. Ke3 Rd3+ 36. Ke2 Ke6 37. Rb5 Ra3 38. Re5+ Kf6 39. Rd1 Rxc4 40. Rd6+ Kg7 41. Re7+ Kh6 42. Rdd7 g5 43. Rxh7+ Kg6 44. Rdg7+ Kf6 45. fxg5+ Ke5 46. Rxa7 Rc2+ 47. Kd1 Rxf2 48. Ke1 Rb2 49. Rhd7 Raa2 50. Rac7 Rxh2 51. Rh7 Ra1+ 52. Rc1 Rxc1# 0-1


[Site "https://www.chess.com"]

[Event "Titled Tuesday Blitz February 21 Early 2023"]
[White "Annaberdiyev, Meylis"]
[Black "Lucassen, Mickey"]
[WhiteFideId "14000563"]
[BlackFideId "12919110"]
[WhiteElo "2495"]
[BlackElo "2023"]
[Result "1-0"]
[Round "01"]
[TimeControl "180+2"]
[Date "2023.02.21"]
[WhiteClock "0:01:07"]
[BlackClock "0:00:47"]

1. e4 c5 2. Nf3 d6 3. d4 cxd4 4. Qxd4 Nc6 5. Bb5 Bd7 6. Bxc6 Bxc6 7. Nc3 Nf6 8. Bg5 e6 9. O-O-O Be7 10. Rhe1 O-O 11. Kb1 Qa5 12. Qd2 Rac8 13. Nd4 Rfd8 14. Nd5 Qxd2 15. Nxe7+ Kf8 16. Rxd2 Kxe7 17. f3 h6 18. Bh4 g5 19. Bf2 Nd7 20. b3 Ne5 21. Red1 Be8 22. Kb2 a6 23. h4 Nc6 24. Nxc6+ Rxc6 25. Be3 f6 26. hxg5 hxg5 27. e5 Bg6 28. exd6+ Kf7 29. c4 b6 30. a4 a5 31. Kc3 e5 32. Rd5 Ke6 33. Rb5 Rb8 34. d7 Rd6 35. Rxd6+ Kxd6 36. Rxb6+ Rxb6 37. d8=Q+ 1-0


[Site "https://www.chess.com"]

[Event "Titled Tuesday Blitz February 21 Early 2023"]
[White "Kalajzic, Ivan"]
[Black "Aldokhin, Ivan"]
[WhiteFideId "14506378"]
[BlackFideId "24115720"]
[WhiteElo "2062"]
[BlackElo "2413"]
[Result "1/2-1/2"]
[Round "01"]
[TimeControl "180+2"]
[Date "2023.02.21"]
[WhiteClock "0:00:03"]
[BlackClock "0:00:34"]

1. d4 Nf6 2. Nc3 d5 3. Bg5 c6 4. e3 Bf5 5. f4 Nbd7 6. Bd3 e6 7. Nf3 Be7 8. O-O Ne4 9. Bxe7 Qxe7 10. Bxe4 dxe4 11. Ne5 Nxe5 12. fxe5 O-O-O 13. Qd2 h5 14. a4 f6 15. exf6 gxf6 16. a5 Rhg8 17. a6 b6 18. Ne2 Rg5 19. Rf2 Rdg8 20. c4 Qg7 21. Nc3 Bh3 22. Nxe4 Rxg2+ 23. Rxg2 Qxg2+ 24. Qxg2 Rxg2+ 25. Kh1 f5 26. Nd6+ Kd7 27. c5 bxc5 28. dxc5 Rxb2 29. Rg1 e5 30. Rg7+ Ke6 31. Kg1 Kd5 32. Rxa7 Rg2+ 33. Kh1 Ra2 34. Rg7 Ra1+ 35. Rg1 Rxa6 36. Rd1+ Kxc5 37. Nb7+ Kb6 38. Rb1+ Kc7 39. Nc5 Ra2 40. Ne6+ Kd6 41. Ng5 Bg2+ 42. Kg1 Bd5 43. e4 fxe4 44. Rf1 e3 45. Rf6+ Kc5 46. h4 Ra1+ 47. Kh2 Rh1+ 48. Kg3 e2 49. Ne4+ Bxe4 50. Rf1 Rh3+ 51. Kf2 exf1=Q+ 52. Kxf1 Rh2 53. Kg1 Rg2+ 54. Kh1 Kd4 1/2-1/2


[Site "https://www.chess.com"]

[Event "Titled Tuesday Blitz February 21 Early 2023"]
[White "Cuenca Jimenez, Jose Fernando"]
[Black "I_KID_you_not"]
[WhiteFideId "2255570"]
[WhiteElo "2535"]
[BlackElo "2364"]
[Result "1-0"]
[Round "01"]
[TimeControl "180+2"]
[Date "2023.02.21"]
[WhiteClock "0:00:02"]
[BlackClock "0:00:01"]

1. c4 c5 2. Nf3 g6 3. d4 cxd4 4. Nxd4 Nc6 5. e4 Nf6 6. Nc3 d6 7. Be2 Nxd4 8. Qxd4 Bg7 9. Be3 O-O 10. Qd3 Nd7 11. Bd4 Bxd4 12. Qxd4 Qb6 13. Qd2 Nc5 14. h4 f6 15. h5 g5 16. h6 Be6 17. O-O Kh8 18. Rab1 a5 19. b3 Qb4 20. Qe3 Nd7 21. Nb5 Qc5 22. Qxc5 Nxc5 23. Nc7 Rac8 24. Nxe6 Nxe6 25. Rfd1 Nc5 26. Bg4 Ra8 27. f3 Kg8 28. Kf2 Kf7 29. Bf5 Rh8 30. Bg4 Rad8 31. a3 e6 32. b4 axb4 33. axb4 Na6 34. Ke3 Ke7 35. Rdc1 Rc8 36. Kd4 Rc7 37. Rc3 Rhc8 38. b5 Nc5 39. Ra1 b6 40. Ke3 Rf8 41. Kf2 f5 42. exf5 exf5 43. Bh5 Rf6 44. Re1+ Ne6 45. g3 Rxh6 46. g4 f4 47. Ra1 Nc5 48. Ra8 Re6 49. Re8+ Kf6 50. Rf8+ Kg7 51. Rf5 h6 52. Rd5 Na4 53. Rc2 Rc5 54. Rcd2 Rxd5 55. cxd5 Re5 56. Rc2 Rxd5 57. Rc7+ Kf6 58. Rh7 Nb2 59. Rxh6+ Ke5 60. Rh8 Kd4 61. Re8 Nd3+ 62. Ke2 Re5+ 63. Kd2 1-0


[Site "https://www.chess.com"]

[Event "Titled Tuesday Blitz February 21 Early 2023"]
[White "Matveeva, Olga"]
[Black "Tan, Jun Ying"]
[WhiteFideId "24107018"]
[BlackFideId "5710413"]
[WhiteElo "2128"]
[BlackElo "2307"]
[Result "0-1"]
[Round "01"]
[TimeControl "180+2"]
[Date "2023.02.21"]
[WhiteClock "0:00:06"]
[BlackClock "0:00:34"]

1. d4 d5 2. c4 c6 3. Nf3 Nf6 4. e3 Bf5 5. Nc3 a6 6. Bd2 e6 7. Nh4 Bg4 8. Qb3 b5 9. cxd5 cxd5 10. h3 Bh5 11. g4 Bg6 12. Nxg6 hxg6 13. Bg2 Nc6 14. Rc1 Na5 15. Qd1 Nc4 16. b3 Nxd2 17. Qxd2 Bb4 18. Qd3 Rc8 19. O-O Ba3 20. Rc2 O-O 21. Nb1 Bd6 22. Rfc1 Qd7 23. Rxc8 Rxc8 24. Rxc8+ Qxc8 25. Qc3 Qd7 26. Nd2 Kh7 27. b4 Qb7 28. a3 Nd7 29. Nb3 Nb6 30. Na5 Qd7 31. Nb3 Nc4 32. Nc5 Qc8 33. Bf1 e5 34. Bxc4 dxc4 35. dxe5 Bxc5 36. bxc5 Qxc5 37. Kf1 a5 38. Ke2 b4 39. axb4 axb4 40. Qd4 Qb5 41. Kd2 c3+ 42. Kc2 Qe2+ 43. Kb3 Qb2+ 44. Kc4 Qa2+ 45. Kxb4 c2 46. Qd2 Qb1+ 0-1


[Site "https://www.chess.com"]

[Event "Titled Tuesday Blitz February 21 Early 2023"]
[White "Aydincelebi, Kagan"]
[Black "Torres Boch, Jose Francisco"]
[WhiteFideId "6361102"]
[BlackFideId "2278383"]
[WhiteElo "2280"]
[BlackElo "2180"]
[Result "1-0"]
[Round "01"]
[TimeControl "180+2"]
[Date "2023.02.21"]
[WhiteClock "0:00:26"]
[BlackClock "0:00:05"]

1. e4 c5 2. Nf3 d6 3. Bb5+ Nd7 4. O-O a6 5. Bd3 Ngf6 6. Re1 g6 7. c3 Bg7 8. Bc2 e5 9. d4 cxd4 10. cxd4 exd4 11. Qxd4 O-O 12. Qxd6 Ng4 13. Nc3 Qa5 14. Qd2 Nde5 15. Nxe5 Bxe5 16. h3 Nf6 17. f4 Rd8 18. Qf2 Bc7 19. Be3 Qb4 20. Rab1 b5 21. Bc5 Qa5 22. b4 Qa3 23. Rb3 Qxb3 24. Bxb3 Bb7 25. Be7 Nd7 26. Bxd8 1-0


[Site "https://www.chess.com"]

[Event "Titled Tuesday Blitz February 21 Early 2023"]
[White "Kovacsy, Barnabas"]
[Black "Domingo Nunez, Ruben"]
[WhiteFideId "769290"]
[BlackFideId "22245570"]
[WhiteElo "2245"]
[BlackElo "2416"]
[Result "1-0"]
[Round "01"]
[TimeControl "180+2"]
[Date "2023.02.21"]
[WhiteClock "0:00:18"]
[BlackClock "0:00:01"]

1. e4 Nc6 2. Nf3 d5 3. exd5 Qxd5 4. Nc3 Qa5 5. Bc4 Bg4 6. d3 Nf6 7. Bd2 Qh5 8. Bf4 e5 9. Qe2 Nd4 10. Qxe5+ Qxe5+ 11. Nxe5 Nxc2+ 12. Kd2 Nxa1 13. Bxf7+ Ke7 14. Re1 Kd8 15. Nxg4 Be7 16. Nxf6 Bxf6 17. Bd5 c6 18. Be4 Rf8 19. Be3 a5 20. Rxa1 a4 21. a3 Ra5 22. h3 Kc7 23. Bxh7 Bg5 24. Be4 Rxf2+ 25. Ne2 Rb5 26. Bxg5 Rxb2+ 27. Ke3 Rbxe2+ 28. Kd4 Kd6 29. Bh4 c5+ 30. Kc4 Rc2+ 31. Kb5 Rf8 32. Bg3+ Ke6 33. Rb1 Rc3 34. Bxb7 c4 35. dxc4 Rxg3 36. Bd5+ Kd6 37. Re1 Rb8+ 38. Kxa4 1-0


[Site "https://www.chess.com"]